 Dungeon Crawl Stone Soup version 0.18.1-50-g88ac8fd (webtiles) character file.

47 spiff the Slasher (level 3, -5/24 HPs)
             Began as a Halfling Warper on Sept 29, 2016.
             Slain by Crazy Yiuf
             ... wielding a +2 quarterstaff of chaos
              (19 damage)
             ... on level 2 of the Dungeon.
             The game lasted 00:04:16 (2241 turns).

spiff the Slasher (Halfling Warper)                 Turns: 2241, Time: 00:04:17

Health: -5/24      AC:  3    Str: 11    XL:     3   Next: 97%
Magic:  4/5        EV: 14    Int: 12    God:
Gold:   73         SH:  0    Dex: 14    Spells: 2 memorised, 2 levels left

rFire  . . .     SeeInvis .     a - +0 falchion
rCold  . . .     Gourm    .     b - +0 leather armour
rNeg   . . .     Faith    .     (shield restricted)
rPois  .         Spirit   .     (no helmet)
rElec  .         Dismiss  .     (no cloak)
rCorr  .         Reflect  .     (no gloves)
SustAt .         Harm     .     (no boots)
MR     .....                    (no amulet)
Stlth  +.........               (no ring)
                                (no ring)

@: shrouded (expiring), not resistant to hostile enchantments, very unstealthy
A: mutation resistance 1
a: no special abilities


You were on level 2 of the Dungeon.
You were not hungry.

You visited 1 branch of the dungeon, and saw 2 of its levels.

You collected 73 gold pieces.

Inventory:

Hand Weapons
 a - a +0 falchion (weapon)
Missiles
 e - 5 tomahawks of dispersal (quivered)
Armour
 b - a +0 leather armour (worn)
Jewellery
 l - an uncursed amulet of faith
Scrolls
 d - 2 scrolls of blinking
 m - a scroll of remove curse
Potions
 g - 2 potions of haste
 n - 2 potions of curing
Books
 c - a book of Spatial Translocations

   Spells                             Type                      Level
   a - Apportation                    Translocation                1
   b - Blink                          Translocation                2
   c - Shroud of Golubria             Charms/Translocation         2
   d - Portal Projectile              Translocation                3
   e - Teleport Other                 Translocation                3
   f - Passage of Golubria            Translocation                4
Comestibles
 f - 3 bread rations
 i - a meat ration
 j - 3 chunks of flesh


   Skills:
 - Level 1.7 Fighting
 + Level 3.9 Long Blades
 - Level 1.1 Throwing
 - Level 1.1 Armour
 - Level 2.1 Dodging
 - Level 1.5 Spellcasting
 - Level 3.2 Translocations


You had 2 spell levels left.
You knew the following spells:

 Your Spells              Type           Power        Failure   Level  Hunger
a - Apportation           Tloc           #.........   12%         1    ##.....
q - Shroud of Golubria    Chrm/Tloc      #.........   30%         2    ###....


Dungeon Overview and Level Annotations

Branches:
Dungeon (2/15)

Altars:
Pakellas
The Shining One

Annotations:
D:2 Crazy Yiuf


Innate Abilities, Weirdness & Mutations

You are small and have problems with some larger weapons.
You are somewhat resistant to further mutation.


Message History

Crazy Yiuf closely misses you.
You hit Crazy Yiuf.
Crazy Yiuf is moderately wounded.
Crazy Yiuf barely misses you.
You barely miss Crazy Yiuf.
Crazy Yiuf is moderately wounded.
Your shroud bends Crazy Yiuf's attack away.
You barely miss Crazy Yiuf.
Crazy Yiuf is moderately wounded.
Your shroud begins to fray at the edges.
Your shroud bends Crazy Yiuf's attack away.
You hit Crazy Yiuf.
Crazy Yiuf is heavily wounded.
Your shroud bends Crazy Yiuf's attack away!
You hit Crazy Yiuf but do no damage.
Crazy Yiuf is heavily wounded.
Crazy Yiuf hits you with a quarterstaff of chaos!
You are electrocuted!
Ouch! That really hurt!
You die...

##.# ##. ##.## #.
##.P.# #. #.P..#
########## #. #....#
#........# #. #....#
#........# #. #...##
#........# ##
##g#####........####
#.@................
#######........####
#........####
#####.#....."
#.#.##### #...#
#####


You could see Crazy Yiuf.

Vanquished Creatures
  A dart slug (D:2)
  A giant gecko (D:1)
  8 bats
  A giant cockroach (D:1)
  6 goblins
  5 hobgoblins
  6 kobolds
  A ball python (D:1)
  4 giant newts
  5 rats
38 creatures vanquished.

Notes
Turn   | Place    | Note
--------------------------------------------------------------
     0 | D:1      | spiff the Halfling Warper began the quest for the Orb.
     0 | D:1      | Reached XP level 1. HP: 14/14 MP: 3/3
   180 | D:1      | Reached XP level 2. HP: 8/19 MP: 4/4
   530 | D:1      | Learned a level 2 spell: Shroud of Golubria
   957 | D:1      | Reached XP level 3. HP: 19/24 MP: 5/5
  1695 | D:2      | Found an oddly glowing altar of Pakellas.
  1753 | D:2      | Found a glowing golden altar of the Shining One.
  2220 | D:2      | Noticed Crazy Yiuf
  2241 | D:2      | Slain by Crazy Yiuf

Skill      XL: |  1  2 |
---------------+-------+-----
Long Blades    | 3 |  3.9
Fighting       | |  1.7
Throwing       | |  1.1
Armour         | |  1.1
Dodging        | |  2.1
Spellcasting   | |  1.5
Translocations | |  3.2

Action                   || total
-------------------------++-------
Melee: Falchion          ||   239
 Cast: Shroud of Golubri ||     3
  Use: Scroll            ||     3
       Potion            ||     1
 Stab: Sleeping          ||     1
  Eat: Chunk             ||     5
Armor: Leather armour    ||    64
Dodge: Dodged            ||   215
